 Dungeon Crawl Stone Soup version 0.32-a0-961-gd60f5e5fc7 (webtiles) character file.

Game seed: 7595604118972799725

17381 sdfx the Spear-Bearer (level 12, -5/79 (95) HPs)
             Began as a Gnoll Reaver on Apr 17, 2024.
             Was a Priest of Ashenzari.
             Slain by a +0 demon trident of pain (8 damage)
             ... on level 12 of the Dungeon.
             The game lasted 01:03:33 (11762 turns).

sdfx the Spear-Bearer (Gnoll Reaver)               Turns: 11762, Time: 01:03:33

HP:   -5/79 (95)    AC: 13    Str: 15    XL:     12   Next: 47%
MP:   27/34         EV: 13    Int: 20    God:    Ashenzari [***...]
Gold: 222           SH:  0    Dex:  6    Spells: 4/29 levels left

rFire   . . .        v - +2 short sword (elec)
rCold   + . .        (no shield)
rNeg    . . .        n - +3 leather armour of Qeugel {rPois MP+9 Dex-4 Stlth+}
rPois   +            r - +0 helmet of Supernal Knowledge {Bglg, Fort} (curse)
rElec   .            (no cloak)
rCorr   .            M - +2 pair of gloves {Stlth+}
SInv    +            j - +0 pair of boots "Ruined Affliction" {Cun, Elem} (curse)
Will    .....        l - amulet "Circumscribed Seer" {Regen+, Elem, Cun} (curse)
Stlth   ++++++       h - ring "Shattered With Me" {Wiz, Elem, Cun} (curse)
HPRegen 1.13/turn    D - ring of the Mantic Moon {rC+ Str+3 Int+2, Cun, Melee} (curse)
MPRegen 0.24/turn

%: clarity, wizardry (x1)
@: about to teleport, immotile, heavily drained
A: fangs 1, strong nose, distributed training
a: Renounce Religion, Curse Item, Shatter the Chains


You were on level 12 of the Dungeon.
You worshipped Ashenzari.
Ashenzari was most pleased with you.
You visited 1 branch of the dungeon, and saw 12 of its levels.

You collected 635 gold pieces.
You spent 413 gold pieces at shops.

Inventory:

Hand Weapons
 p - the +6 arbalest of Understanding {drain, +Blink Will+ rCorr}
   (You found it on level 7 of the Dungeon)

   Will+:     It increases your willpower.
   +Blink:    It lets you blink.
   rCorr:     It protects you from acid and corrosion.
 v - a +2 short sword of electrocution (weapon)
 A - a +3 trident of draining
 R - a +2 dagger of venom
Missiles
 f - 5 darts of dispersal
 k - 98 poisoned darts
 w - 12 boomerangs
 I - 4 curare-tipped darts (quivered)
Armour
 a - +0 acid dragon scales
 j - the cursed +0 pair of boots "Ruined Affliction" (worn) {Cun, Elem}
   (You found it on level 1 of the Dungeon)

   It has a curse which improves the following skills: Cunning: Dodging and
   Stealth.
   Elements:  Fire Magic, Ice Magic, Air Magic and Earth Magic.
 n - the +3 leather armour of Qeugel (worn) {rPois MP+9 Dex-4 Stlth+}
   (You found it on level 3 of the Dungeon)

   Dex-4:     It affects your dexterity (-4).
   rPois:     It protects you from poison.
   MP+9:      It affects your magic capacity (+9).
   Stlth+:    It makes you more stealthy.
 r - the cursed +0 helmet of Supernal Knowledge (worn) {Bglg, Fort}
   (You found it on level 5 of the Dungeon)

   It has a curse which improves the following skills: Beguiling: Hexes and
   Translocations.
   Fortitude: Armour and Shields.
 B - an orb of guile
 M - a +2 pair of gloves of stealth (worn)
Jewellery
 h - the cursed ring "Shattered With Me" (left hand) {Wiz, Elem, Cun}
   (You found it on level 1 of the Dungeon)

   [ring of wizardry]

   Wiz:       It improves your spell success rate.
   It has a curse which improves the following skills: Elements: Fire Magic, Ice
   Magic, Air Magic and Earth Magic.
   Cunning:   Dodging and Stealth.
 l - the cursed amulet "Circumscribed Seer" (around neck) {Regen+, Elem, Cun}
   (You found it on level 2 of the Dungeon)

   [amulet of regeneration]

   Regen+:    It increases your rate of health regeneration.
   It has a curse which improves the following skills: Elements: Fire Magic, Ice
   Magic, Air Magic and Earth Magic.
   Cunning:   Dodging and Stealth.
 o - a ring of willpower
 t - a ring of fire
 D - the cursed ring of the Mantic Moon (right hand) {rC+ Str+3 Int+2, Cun, Melee}
   (You bought it in a shop on level 8 of the Dungeon)

   [ring of protection from cold]

   Str+3:     It affects your strength (+3).
   Int+2:     It affects your intelligence (+2).
   rC+:       It protects you from cold.
   It has a curse which improves the following skills: Cunning: Dodging and
   Stealth.
   Melee Combat: Short Blades, Long Blades, Axes, Maces & Flails, Polearms,
   Staves and Unarmed Combat.
 E - a +5 ring of evasion
 P - a ring of flight
 S - a ring of protection from fire
Wands
 e - a wand of quicksilver (13)
 q - a wand of flame (71)
 F - a wand of mindburst (31)
 H - a wand of charming (6)
Scrolls
 c - 2 scrolls of revelation
 d - 4 scrolls of blinking
 g - a scroll of amnesia
 y - 2 scrolls of vulnerability
 z - a scroll of teleportation
 G - 4 scrolls of enchant weapon
 J - 2 scrolls of fog
Potions
 b - a potion of degeneration
 i - 4 potions of curing
 m - a potion of attraction
 s - 2 potions of ambrosia
 u - 3 potions of enlightenment
 x - 2 potions of haste
 C - 2 potions of invisibility
 K - a potion of magic
 L - a potion of brilliance
 O - a potion of lignification
 Q - 3 potions of heal wounds


   Skills:
 + Level 9.0 Fighting
 + Level 7.6(9.1) Short Blades
 + Level 7.6(9.1) Long Blades
 + Level 7.6(9.1) Axes
 + Level 7.6(9.1) Maces & Flails
 + Level 10.1(11.6) Polearms
 + Level 7.6(9.1) Staves
 + Level 7.6 Ranged Weapons
 + Level 7.6 Throwing
 + Level 7.6(9.1) Armour
 + Level 9.0(12.6) Dodging
 + Level 7.6(11.2) Stealth
 + Level 7.6(9.1) Shields
 + Level 7.6(9.1) Unarmed Combat
 + Level 9.2 Spellcasting
 + Level 8.4 Conjurations
 + Level 6.3(7.8) Hexes
 + Level 6.3 Summonings
 + Level 6.3 Necromancy
 + Level 6.3(7.8) Translocations
 + Level 6.3(9.3) Fire Magic
 + Level 6.3(9.3) Ice Magic
 + Level 6.3(9.3) Air Magic
 + Level 6.3(9.3) Earth Magic
 + Level 6.3 Alchemy
 + Level 8.3 Invocations
 + Level 7.6 Evocations
 + Level 6.9 Shapeshifting


You had 4 spell levels left.
You knew the following spells:

 Your Spells              Type           Power      Damage    Failure   Level
a - Kiss of Death         Conj/Necr      100%       2d13      1%          1
b - Momentum Strike       Conj/Tloc      82%        3d10      1%          2
c - Hailstorm             Conj/Ice       44%        3d9       1%          3
d - Call Canine Familiar  Summ           34%        N/A       1%          3
e - Swiftness             Air            46%        N/A       1%          3
f - Confusing Touch       Hex            40%        N/A       1%          3
g - Slow                  Hex            100%       N/A       1%          1
h - Ensorcelled Hibernat  Hex/Ice        86%        N/A       1%          2
i - Dispel Undead         Necr           34%        3d15      2%          4
j - Passwall              Erth           46%        N/A       1%          3

Your spell library contained the following spells:

 Spells                   Type           Power      Damage    Failure   Level
 Foxfire                  Conj/Fire      100%       2x1d9     1%          1
 Jinxbite                 Hex            80%        N/A       1%          2
 Sigil of Binding         Hex            40%        N/A       1%          3
 Vampiric Draining        Necr           34%        2d8       1%          3
 Dimensional Bullseye     Hex/Tloc       20%        N/A       1%          4
 Plasma Beam              Fire/Air       23%        2x1d35    12%         6
 Starburst                Conj/Fire      22%        6d7       14%         6
 Death's Door             Necr           17%        N/A       100%        9


Dungeon Overview and Level Annotations

Branches:
Dungeon (12/15)            Temple (0/1) D:5            Lair (0/5) D:10
    Orc (0/2) D:10

Altars:
Ashenzari
Dithmenos
Elyvilon
Kikubaaqudgha
Makhleb
Nemelex Xobeh
Qazlal
Ru
Sif Muna
Uskayaw
Zin

Shops:
D:3 :   D:4 *   D:7 (   D:8 *   D:10 [

Annotations:
D:12 1 runed translucent door


Innate Abilities, Weirdness & Mutations

You have very sharp teeth.
Your uncanny sense of smell can sniff out nearby items.
Your experience applies equally to all skills.


Message History

Your bite misses the +0 demon blade of draining.
The +0 demon blade of draining is moderately damaged.
The +0 demon blade of draining barely misses you.
You puncture the +0 demon blade of draining!
Your bite misses the +0 demon blade of draining.
The +0 demon blade of draining is heavily damaged.
The +0 demon blade of draining barely misses you.
You hit the +0 demon blade of draining but do no damage.
The +0 demon blade of draining is heavily damaged.
The +0 demon blade of draining barely misses you.
Casting: Passwall (safe; 1% risk of failure)
Confirm with . or Enter, or press ? or * to list all spells.
Aiming: Momentum Strike (safe; 1% risk of failure)
Press: ? - help, Dir - move target, f/p - +0 demon blade of draining
Aim: a +0 demon blade of draining (heavily damaged, 49% to hit)
The concentrated momentum hits the +0 demon blade of draining!
The +0 demon blade of draining is severely damaged.
You are unable to move.
The +0 demon blade of draining hits you.
You feel drained.
Casting: Momentum Strike (safe; 1% risk of failure)
Confirm with . or Enter, or press ? or * to list all spells.
Casting: Hailstorm (safe; 1% risk of failure)
Press: ? - help, Dir - look around, f - activate A cannonade of hail descends around you!
The hail pelts the +0 demon trident of pain.
The +0 demon trident of pain partially resists.
The +0 demon trident of pain is lightly damaged.
The +0 demon blade of draining misses you.
The +0 demon blade of draining hits you!
You feel drained.
As you read the scroll of teleportation, it crumbles to dust.
You feel strangely unstable.
The +0 demon trident of pain hits you from afar!
The +0 demon blade of draining hits you!!
* * * LOW HITPOINT WARNING * * *
You feel drained.
* * * LOW HITPOINT WARNING * * *
The +0 demon trident of pain hits you from afar!
You die...

########### ##### ##.........#
#...######.####+#####
#.........###(....########
#...######.#@.(....#..).)# ##.##
###.).....#####.# #.# #..._...#
#)# #.# #.......# #.# #.#
#.......# #.# #.# ##.....## #[#
#.### ##############.#### ##.#.##
##.......##........#
#####.....####.........#.##...#.#


You could see 2 dancing weapons.

Vanquished Creatures
  A dancing weapon (D:12)
  3 two-headed ogres
  A boulder beetle (D:11)
  An ugly thing (D:12)
  4 cyclopes
  2 manticores
  Maggie (D:7)
  Jeremiah (D:6)
  2 kobold demonologists
  3 trolls
  2 hornets
  Prince Ribbit (D:6)
  A slime creature (D:8)
  2 shadows (D:11)
  2 wyverns
  2 vampires
  A wraith (D:11)
  3 yaks
  Grum (D:9)
  4 basilisks (D:10)
  A steam dragon (D:8)
  2 vampire mosquitoes (D:12)
  Menkaure (D:7)
  4 acid dragons
  Duvessa (D:4)
  A water moccasin (D:7)
  5 orc warriors
  3 sky beasts
  3 ice beasts
  4 wolves (D:9)
  3 centaurs
  An ogre (D:4)
  4 bullfrogs
  A gnoll sergeant (D:8)
  19 kobold brigands
  A scorpion (D:5)
  19 killer bees
  Dowan (D:4)
  3 howler monkeys
  2 bombardier beetles
  4 hounds
  2 jellies
  A sleepcap (D:6)
  8 orc priests
  Ijyb (D:4)
  6 iguanas
  15 orc wizards
  2 nameless horrors
  8 gnolls
  6 adders
  A shadow imp (D:6)
  2 white imps
  2 ufetubi (D:7)
  2 ribbon worms (D:3)
  2 dart slugs
  37 orcs
  4 ball pythons
  6 bats
  8 endoplasms
  5 giant cockroaches
  7 goblins
  8 hobgoblins
  6 jackals
  2 quokkas (D:2)
  7 frilled lizards
  28 kobolds
  4 rats
301 creatures vanquished.

Vanquished Creatures (collateral kills)
  A yak (D:9)
  A centaur (D:5)
  Blork the orc (D:3)
  A gnoll bouda (D:8)
  2 iguanas (D:5)
  4 orcs
  A kobold (D:9)
11 creatures vanquished.

Vanquished Creatures (others)
  A kobold (D:3)
1 creature vanquished.

Grand Total: 313 creatures vanquished

Notes
Turn   | Place    | Note
-------+----------+-------------------------------------------
     0 | D:1      | sdfx the Gnoll Reaver began the quest for the Orb.
     0 | D:1      | Reached XP level 1. HP: 20/20 MP: 6/6
    82 | D:1      | You fall into a shaft and drop 1 floor!
   143 | D:1      | Reached XP level 2. HP: 22/26 MP: 7/7
   661 | D:1      | Reached skill level 5 in Spellcasting
   661 | D:1      | Reached XP level 3. HP: 31/31 MP: 7/9
   664 | D:1      | Learned a level 2 spell: Momentum Strike
   668 | D:1      | Learned a level 3 spell: Hailstorm
   953 | D:1      | Reached skill level 1 in Invocations
  1115 | D:2      | Reached skill level 1 in Short Blades
  1115 | D:2      | Reached skill level 1 in Long Blades
  1115 | D:2      | Reached skill level 1 in Axes
  1115 | D:2      | Reached skill level 1 in Maces & Flails
  1115 | D:2      | Reached skill level 1 in Staves
  1115 | D:2      | Reached skill level 1 in Ranged Weapons
  1115 | D:2      | Reached skill level 1 in Throwing
  1115 | D:2      | Reached skill level 1 in Armour
  1115 | D:2      | Reached skill level 1 in Stealth
  1115 | D:2      | Reached skill level 1 in Shields
  1115 | D:2      | Reached skill level 1 in Unarmed Combat
  1115 | D:2      | Reached skill level 1 in Evocations
  1365 | D:2      | Identified the +4 chain mail "Yguck" {Will+}
  1389 | D:2      | Found a faded altar of an unknown god.
  1529 | D:3      | Found a stormy altar of Qazlal.
  1537 | D:3      | Reached skill level 1 in Shapeshifting
  1537 | D:3      | Reached XP level 4. HP: 36/38 MP: 3/11
  1655 | D:3      | Found an ancient bone altar of Kikubaaqudgha.
  1774 | D:3      | Reached skill level 1 in Hexes
  1774 | D:3      | Reached skill level 1 in Summonings
  1774 | D:3      | Reached skill level 1 in Necromancy
  1774 | D:3      | Reached skill level 1 in Translocations
  1774 | D:3      | Reached skill level 1 in Fire Magic
  1774 | D:3      | Reached skill level 1 in Ice Magic
  1774 | D:3      | Reached skill level 1 in Air Magic
  1774 | D:3      | Reached skill level 1 in Earth Magic
  1774 | D:3      | Reached skill level 1 in Alchemy
  1879 | D:3      | Identified the +3 leather armour of Qeugel {rPois MP+9
                  | Dex-4 Stlth+}
  1974 | D:3      | Reached XP level 5. HP: 42/43 MP: 12/12
  2085 | D:3      | Found Cofe's Book Emporium.
  2169 | D:3      | Found a sparkling altar of Nemelex Xobeh.
  2240 | D:3      | Learned a level 3 spell: Call Canine Familiar
  2244 | D:3      | Learned a level 3 spell: Swiftness
  2511 | D:4      | Noticed Blork the orc
  2530 | D:3      | Killed Blork the orc
  2580 | D:4      | Reached XP level 6. HP: 37/50 MP: 14/14
  2611 | D:4      | Got the Handbook of the Graveyard and Guile
  2640 | D:4      | Learned a level 3 spell: Confusing Touch
  2652 | D:4      | Noticed Duvessa
  2653 | D:4      | Noticed Dowan
  2686 | D:4      | Killed Duvessa
  2687 | D:4      | Reached skill level 5 in Fighting
  2687 | D:4      | Reached skill level 5 in Dodging
  2687 | D:4      | Killed Dowan
  2753 | D:4      | Found a broken altar of Ashenzari.
  2764 | D:4      | Became a worshipper of Ashenzari the Shackled
  2808 | D:4      | Reached skill level 7 in Polearms
  2808 | D:4      | Reached XP level 7. HP: 32/53 MP: 15/15
  3102 | D:4      | Noticed Ijyb
  3120 | D:4      | Killed Ijyb
  3154 | D:4      | Found Zin's Purification Station.
  3160 | D:4      | Found a glowing silver altar of Zin.
  3308 | D:5      | Entered Level 5 of the Dungeon
  3404 | D:5      | Learned a level 1 spell: Slow
  3726 | D:5      | Reached XP level 8. HP: 52/63 MP: 16/16
  3756 | D:5      | Found a burning altar of Makhleb.
  3842 | D:5      | Found a staircase to the Ecumenical Temple.
  3880 | D:5      | Reached * piety under Ashenzari
  4526 | D:6      | Found a shimmering blue altar of Sif Muna.
  4621 | D:6      | Noticed Prince Ribbit
  4634 | D:6      | Learned a level 2 spell: Ensorcelled Hibernation
  4651 | D:6      | Killed Prince Ribbit
  4968 | D:6      | Identified the +2 sling of Upheaval {flame, +Blink Str+3
                  | Stlth-}
  5130 | D:6      | Noticed Jeremiah
  5174 | D:6      | Killed Jeremiah
  5175 | D:6      | Reached XP level 9. HP: 61/69 MP: 0/18
  5897 | D:7      | Found a shadowy altar of Dithmenos.
  5899 | D:7      | Noticed Maggie
  5934 | D:7      | Killed Maggie
  5935 | D:7      | Reached skill level 8 in Polearms
  5941 | D:7      | Reached skill level 5 in Invocations
  6069 | D:7      | Found a sacrificial altar of Ru.
  6127 | D:7      | Found Vipocig's Weapon Boutique.
  6230 | D:7      | Noticed Menkaure
  6239 | D:7      | Killed Menkaure
  6341 | D:7      | Noticed a hornet
  6354 | D:7      | Killed a hornet
  6417 | D:7      | Reached ** piety under Ashenzari
  6423 | D:7      | Learned a level 4 spell: Dispel Undead
  6459 | D:7      | Identified the +6 arbalest of Understanding {drain, +Blink
                  | Will+ rCorr}
  6656 | D:8      | Reached skill level 5 in Short Blades
  6656 | D:8      | Reached skill level 5 in Long Blades
  6656 | D:8      | Reached skill level 5 in Axes
  6656 | D:8      | Reached skill level 5 in Maces & Flails
  6656 | D:8      | Reached skill level 5 in Staves
  6656 | D:8      | Reached skill level 5 in Ranged Weapons
  6656 | D:8      | Reached skill level 5 in Throwing
  6656 | D:8      | Reached skill level 5 in Armour
  6656 | D:8      | Reached skill level 5 in Stealth
  6656 | D:8      | Reached skill level 5 in Shields
  6656 | D:8      | Reached skill level 5 in Unarmed Combat
  6656 | D:8      | Reached skill level 5 in Evocations
  6661 | D:8      | Reached XP level 10. HP: 52/74 MP: 20/20
  6789 | D:8      | Found Atraergh's Assorted Antiques.
  6800 | D:8      | Bought a translucent jade ring for 155 gold pieces
  6800 | D:8      | Identified the ring "Tied" {rC+ Str+3 Int+2} (You bought it
                  | in a shop on level 8 of the Dungeon)
  6981 | D:8      | Noticed a cyclops
  6990 | D:8      | Killed a cyclops
  6991 | D:8      | Reached skill level 5 in Shapeshifting
  6999 | D:8      | Noticed a cyclops
  7016 | D:8      | Killed a cyclops
  7857 | D:9      | Reached skill level 9 in Polearms
  7891 | D:9      | Reached skill level 5 in Hexes
  7891 | D:9      | Reached skill level 5 in Summonings
  7891 | D:9      | Reached skill level 5 in Necromancy
  7891 | D:9      | Reached skill level 5 in Translocations
  7891 | D:9      | Reached skill level 5 in Fire Magic
  7891 | D:9      | Reached skill level 5 in Ice Magic
  7891 | D:9      | Reached skill level 5 in Air Magic
  7891 | D:9      | Reached skill level 5 in Earth Magic
  7891 | D:9      | Reached skill level 5 in Alchemy
  7893 | D:9      | Reached XP level 11. HP: 44/83 MP: 9/22
  8084 | D:9      | Reached *** piety under Ashenzari
  8113 | D:9      | Noticed a two-headed ogre
  8123 | D:9      | Killed a two-headed ogre
  8412 | D:9      | Noticed Grum
  8415 | D:9      | Killed Grum
  8811 | D:9      | Learned a level 4 spell: Dimensional Bullseye
  8813 | D:10     | Entered Level 10 of the Dungeon
  8999 | D:10     | Found a white marble altar of Elyvilon.
  9050 | D:10     | Found Volojedgh's Armour Shop.
  9057 | D:10     | Found a staircase to the Orcish Mines.
  9232 | D:10     | Bought a +2 pair of gloves of stealth for 258 gold pieces
  9743 | D:10     | Found a staircase to the Lair.
 10066 | D:11     | Noticed a cyclops
 10079 | D:11     | Killed a cyclops
 10247 | D:11     | Learned a level 3 spell: Passwall
 10306 | D:11     | Noticed a two-headed ogre
 10306 | D:11     | Noticed a manticore
 10363 | D:11     | Killed a two-headed ogre
 10364 | D:11     | Reached XP level 12. HP: 94/94 MP: 24/24
 10375 | D:11     | Noticed a boulder beetle
 10438 | D:11     | Killed a boulder beetle
 11212 | D:12     | Reached skill level 10 in Polearms
 11391 | D:12     | Noticed a two-headed ogre
 11397 | D:12     | Killed a two-headed ogre
 11725 | D:12     | Found a runed translucent door.
 11733 | D:12     | Found a hide-covered altar of Uskayaw.
 11734 | D:12     | Noticed a +2 vampiric demon whip
 11746 | D:12     | Killed a +2 vampiric demon whip
 11762 | D:12     | HP: 3/79 [+0 demon blade of draining (4)]
 11762 | D:12     | Slain by a +0 demon trident of pain

Illustrated notes

Levels and vault maps discovered:
D:1:      saegor_arrival_simple_b, layout_basic, dreamdust_princess_bridge,
          minmay_3d_cube
D:2:      layout_basic, shapermc_ecumenical_altar_mp_vishouse
D:3:      layout_loops_ring, nicolae_overflow_hidden_temple,
          mainiacjoe_overflow_cross_hatched, general_overflow_altar,
          serial_shops, nicolae_shop_hallway_plus
D:4:      layout_cave_pools, zin_purify, ashenzari_conservatory_becter,
          nicolae_tricolors, uniq_duvessa, uniq_ijyb, uniq_blork_the_orc
D:5:      layout_cave_pools, bloody_makhleb, minmay_temple_entry_slanted,
          minmay_misc_feat_plants
D:6:      layout_basic, nicolae_overflow_crystal_walls, grunt_ministairs_11,
          uniq_prince_ribbit1, uniq_jeremiah
D:7:      layout_rooms, overflow_temple_1_default, nicolae_ru_path_of_blood,
          serial_shops, nicolae_stop_n_shop_1, uniq_maggie, uniq_menkaure
D:8:      minmay_distorted_concentric_squares, layout_loops_ring, serial_shops,
          shop
D:9:      layout_roguey [special_room_kobold], serial_bayou_pond_c, uniq_grum
D:10:     layout_rooms, elyvilon_altar_3, erik_lair_dragon, serial_shops, shop,
          amethyst_killhole
D:11:     layout_gridville
D:12:     layout_loops_corners, nicolae_danse_macabre

Skill      XL: |  1  2  3  4  5  6  7  8  9 10 11 12 |
---------------+-------------------------------------+-----
Spellcasting   | 5 6 7 8 9 |  9.2
Invocations    | 1 2 3 4 5 6 7 8 |  8.3
Short Blades   | 1 2 3 4 5 6 7 |  7.6
Long Blades    | 1 2 3 4 5 6 7 |  7.6
Axes           | 1 2 3 4 5 6 7 |  7.6
Maces & Flails | 1 2 3 4 5 6 7 |  7.6
Staves         | 1 2 3 4 5 6 7 |  7.6
Ranged Weapons | 1 2 3 4 5 6 7 |  7.6
Throwing       | 1 2 3 4 5 6 7 |  7.6
Armour         | 1 2 3 4 5 6 7 |  7.6
Stealth        | 1 2 3 4 5 6 7 |  7.6
Shields        | 1 2 3 4 5 6 7 |  7.6
Unarmed Combat | 1 2 3 4 5 6 7 |  7.6
Evocations     | 1 2 3 4 5 6 7 |  7.6
Shapeshifting  | 1 2 3 4 5 6 |  6.9
Hexes          | 1 2 3 4 5 6 |  6.3
Summonings     | 1 2 3 4 5 6 |  6.3
Necromancy     | 1 2 3 4 5 6 |  6.3
Translocations | 1 2 3 4 5 6 |  6.3
Fire Magic     | 1 2 3 4 5 6 |  6.3
Ice Magic      | 1 2 3 4 5 6 |  6.3
Air Magic      | 1 2 3 4 5 6 |  6.3
Earth Magic    | 1 2 3 4 5 6 |  6.3
Alchemy        | 1 2 3 4 5 6 |  6.3
Fighting       | 5 6 7 8 9 |  9.0
Dodging        | 5 6 7 8 9 |  9.0
Polearms       | 7 8 9 10 | 10.1
Conjurations   | 6 7 8 |  8.4

Action                     |  1- 3 |  4- 6 |  7- 9 | 10-12 || total
---------------------------+-------+-------+-------+-------++-------
  Melee: Spear             |   173 |   129 |   164 |       ||   466
         Bite              |    14 |     8 |    24 |    23 ||    69
         Dagger            |       |       |   111 |    64 ||   175
         Short sword       |       |       |    14 |   180 ||   194
         Trident           |       |       |    21 |    14 ||    35
   Fire: Arbalest          |       |       |    12 |   158 ||   170
  Throw: Dart              |       |     3 |     3 |     7 ||    13
   Cast: Momentum Strike   |     2 |     6 |    35 |    21 ||    64
         Hailstorm         |       |     4 |    30 |    51 ||    85
         Call Canine Famil |       |     2 |     8 |     6 ||    16
         Kiss of Death     |       |     2 |     2 |     2 ||     6
         Swiftness         |       |     1 |     1 |     1 ||     3
         Confusing Touch   |       |     1 |     4 |     3 ||     8
         Ensorcelled Hiber |       |       |    11 |    31 ||    42
         Slow              |       |       |     5 |    18 ||    23
         Dispel Undead     |       |       |       |    14 ||    14
         Dimensional Bulls |       |       |       |     2 ||     2
         Passwall          |       |       |       |     1 ||     1
 Invoke: Curse Item        |       |       |     3 |     2 ||     5
    Use: Potion            |       |       |     2 |       ||     2
         Scroll            |       |       |       |     3 ||     3
   Stab: Sleeping          |     1 |     4 |    15 |    32 ||    52
         Confused          |       |     2 |       |     1 ||     3
         Distracted        |       |       |     1 |     1 ||     2
 Armour: Leather armour    |    49 |    57 |   200 |   286 ||   592
  Dodge: Dodged            |    53 |    70 |   133 |   253 ||   509

Table legend: (Time is in decaauts)
 A = Elapsed time spent in this place.
 B = Non-inter-level travel time spent in this place.
 C = Inter-level travel time spent in this place.
 D = Time resting spent in this place.
 E = Time spent auto-exploring this place.
 F = Levels seen in this place.
 G = Mean time per level.
                   A        B        C        D        E       F      G
               +--------+--------+--------+--------+--------+-----+--------+
         Total |  11643 |  11058 |    585 |    266 |   8277 |  12 |  970.2 |
       Dungeon |  11643 |  11058 |    585 |    266 |   8277 |  12 |  970.2 |
               +--------+--------+--------+--------+--------+-----+--------+

Top non-repeatable levels by time:
     D:6: 1531 daAuts
     D:9: 1521 daAuts
     D:3: 1035 daAuts
    D:10: 981 daAuts
    D:12: 962 daAuts
     D:1: 935 daAuts
     D:7: 905 daAuts
     D:8: 867 daAuts
     D:5: 850 daAuts
    D:11: 803 daAuts
     D:4: 716 daAuts
     D:2: 532 daAuts
